AoeStats
← Melon-Lord

Black Forest

508224361Analyzed
3v3 RM · 9d ago on Sep 21, 2026· 43m 7s· 6 players
Game mode
Random Map
Map size
Normal (6 player)
Population
200
Speed
Normal
Resources
Standard
Victory
Conquest
Starting age
Dark Age
Ending age
Imperial Age
RankedLock teamsTeams togetherTeam positionsShared explorationLock speedFull tech treeHidden civsTurbo modeCheats
Victory
Defeat
🇫🇷 Britons · France
1124
+14
🇩🇪 Burgundians · Germany
1101
+15
🇫🇷 Cumans · France
1033
+18
🇺🇾 Goths · Uruguay
1137
-18
🇨🇳 Britons · China
1072
-15
🇩🇪 Lithuanians · Germany
1041
-14
skoddex
6:03 Loom
9:32 Feudal Age
14:04 Fletching
26:00 Castle Age
25:42 Double-Bit Axe
25:39 Horse Collar
25:51 Gold Mining
26:04 Crossbowman
27:01 Bodkin Arrow
32:24 Ballistics
31:44 Treadmill Crane
32:46 Padded Archer Armor
34:11 Wheelbarrow
37:16 Hand Cart
41:45 Imperial Age
41:30 Elite Skirmisher
43:56 Yeomen
44:01 Conscription
Melon-Lord
2:29 Loom
10:26 Feudal Age
11:07 Double-Bit Axe
16:21 Horse Collar
24:35 Castle Age
23:27 Gold Mining
25:39 Wheelbarrow
24:50 Town Watch
25:48 Wheelbarrow
25:02 Town Watch
25:50 Scale Barding Armor
25:56 Forging
25:28 Capped Ram
26:22 Bloodlines
27:37 Bow Saw
29:15 Chain Barding Armor
33:35 Hand Cart
33:22 Town Patrol
40:04 Imperial Age
38:36 Gold Shaft Mining
37:51 Stone Mining
39:07 Iron Casting
40:09 Siege Ram
40:12 Cavalier
41:33 Plate Barding Armor
41:58 Blast Furnace
41:02 Heavy Plow
42:04 Two-Man Saw
42:18 Paladin
CryZon
1:54 Loom
15:56 Feudal Age
22:28 Castle Age
22:19 Horse Collar
25:56 Forging
27:07 Wheelbarrow
28:49 Husbandry
31:11 Cavalier
32:29 Scale Barding Armor
36:54 Town Watch
37:06 Light Cavalry
38:51 Burgundian Vineyards
40:37 Hand Cart
40:33 Heavy Plow
41:14 Chain Barding Armor
41:29 Iron Casting
43:46 Imperial Age
Heroc
0:53 Loom
17:21 Feudal Age
21:20 Double-Bit Axe
27:07 Castle Age
25:31 Gold Mining
25:40 Horse Collar
28:38 Bloodlines
30:39 Forging
32:16 Scale Barding Armor
38:15 Imperial Age
38:54 Husbandry
39:56 Chain Barding Armor
bandreol
0:26 Loom
9:41 Feudal Age
11:50 Double-Bit Axe
11:37 Man-at-Arms
18:45 Horse Collar
27:07 Scale Mail Armor
30:03 Fletching
32:14 Castle Age
30:49 Padded Archer Armor
Joker_xuechen
1:32 Loom
13:35 Feudal Age
14:23 Double-Bit Axe
17:47 Castle Age
15:32 Horse Collar
18:02 Scale Barding Armor
21:53 Wheelbarrow
22:41 Gold Mining
22:59 Heavy Plow
25:51 Town Watch
28:00 Husbandry
28:24 Hand Cart
28:49 Gold Shaft Mining
29:03 Fletching
29:18 Stone Mining
29:34 Town Patrol
31:45 Bodkin Arrow
35:01 Imperial Age
33:03 Bow Saw
35:10 Ballistics
35:04 Padded Archer Armor
36:08 Leather Archer Armor
35:55 Bracer
37:12 Chemistry
37:40 Conscription
37:49 Leather Archer Armor
37:45 Forging
38:31 Conscription
38:03 Crossbowman
39:06 Masonry
39:29 Ring Archer Armor
40:04 Two-Man Saw
38:43 Arbalester
39:55 Yeomen
40:39 Architecture
Connection lost

Rejoining the realm…

Still unreachable

The connection could not be restored.

Session expired

The server has moved on; the page needs a fresh start.